 Dungeon Crawl Stone Soup version 0.23.0 (webtiles) character file.

Game seed: 5224346066406751538

476 vishdafish the Ruffian (level 6, -1/58 HPs)
             Began as a Troll Transmuter on Feb 15, 2019.
             Slain by a slave (8 damage)
             ... led by Pikel
             ... on level 4 of the Dungeon.
             The game lasted 00:03:53 (2796 turns).

vishdafish the Ruffian (Troll Transmuter)           Turns: 2796, Time: 00:03:54

Health: -1/58      AC:  9    Str: 19    XL:     6   Next: 84%
Magic:  8/8        EV: 10    Int: 11    God:
Gold:   132        SH:  0    Dex: 10    Spells: 8/9 levels left

rFire    . . .     SeeInvis .     - Unarmed
rCold    . . .     Gourm    +   (no shield)
rNeg     . . .     Faith    .   b - +0 robe
rPois    .         Spirit   .   (helmet restricted)
rElec    .         Reflect  .   o - +0 cloak
rCorr    .         Harm     .   (gloves unavailable)
MR       .....                  (boots unavailable)
Stlth    ++........             (no amulet)
HPRegen  0.59/turn              f - +2 ring of protection
MPRegen  0.11/turn              n - ring of stealth

@: drained
A: large, unfitting armour, claws 3, fast metabolism 3, gourmand, regeneration
1, shaggy fur 1, tough skin 3
a: no special abilities


You were on level 4 of the Dungeon.
You were not hungry.

You visited 1 branch of the dungeon, and saw 5 of its levels.

You collected 132 gold pieces.

Inventory:

Missiles
 a - 65 arrows
Armour
 b - a +0 robe (worn)
 o - a +0 cloak (worn)
Jewellery
 f - a +2 ring of protection (left claw)
 n - a ring of stealth (right claw)
Scrolls
 e - 2 scrolls of immolation
 i - a scroll of enchant weapon {unknown}
 j - 2 scrolls of remove curse {unknown}
 l - a scroll of magic mapping {unknown}
 m - 2 scrolls of identify
 p - a scroll of teleportation {unknown}
 r - a scroll of enchant armour {unknown}
Potions
 c - a potion of flight
 g - 3 potions of might {unknown}
 h - 3 potions of curing
 k - a potion of brilliance {unknown}
 q - a potion of lignification {unknown}
 s - a potion of agility {unknown}
Comestibles
 d - 2 rations


   Skills:
 + Level 2.3(1.5) Fighting
 + Level 2.9(2.0) Dodging
 * Level 5.1(4.2) Unarmed Combat
 + Level 2.1(1.3) Spellcasting
 + Level 2.4(1.6) Transmutations


You had 8 spell levels left.
You knew the following spells:

 Your Spells              Type           Power        Failure   Level  Hunger
a - Beastly Appendage     Tmut           #.....       16%         1    ##.....

Your spell library contained the following spells:

 Spells                   Type           Power        Failure   Level  Hunger
 Sticks to Snakes         Tmut           #.......     24%         2    ###....
 Spider Form              Tmut/Pois      #.........   56%         3    ####...
 Ice Form                 Ice/Tmut       #.......     92%         4    #####..
 Blade Hands              Tmut           #.........   99%         5    ######.


Dungeon Overview and Level Annotations

Branches:
Dungeon (5/15)
 Temple: D:4-7

Altars:

Annotations:
D:4 Pikel


Innate Abilities, Weirdness & Mutations

You are too large for most types of armour.
You have claws for hands.
Your metabolism is lightning-fast.
You like to eat raw meat.
Your natural rate of healing is unusually fast.
You are covered in fur. (AC +1)
You have extremely tough skin. (AC +3)


Message History

You closely miss Pikel.
Pikel is almost dead.
Pikel hits you but does no damage. The slave hits you.
You closely miss Pikel.
Pikel is almost dead.
Pikel hits you with a +2 whip of freezing.
Pikel freezes you.
* * * LOW HITPOINT WARNING * * *
The slave hits you.
* * * LOW HITPOINT WARNING * * *
You scratch Pikel but do no damage.
Pikel is almost dead.
You barely miss Pikel.
Pikel is almost dead.
Pikel hits you with a +2 whip of freezing.
* * * LOW HITPOINT WARNING * * *
Pikel freezes you.
* * * LOW HITPOINT WARNING * * *
The slave hits you!
You die...

...#### #...........#
......#### #...........#
##.......###...........#
#####.................#
######.........."...#
##....#####.........##
#......## ##........#
##.<.†...## ##.pK....#
#.........## ##@.....#
##..........## ##....##
#............####...##
#.............##....#
...............#...##
...................#
...................#
...................#
...................#


You could see Pikel and a slave.

Vanquished Creatures
  An ice beast (D:3)
  2 scorpions
  An orc wizard (D:4)
  An iguana (D:4)
  2 worker ants (D:4)
  5 adders
  4 gnolls (D:2)
  2 worms
  5 leopard geckos
  7 orcs
  A ball python (D:2)
  4 giant cockroaches
  7 hobgoblins
  10 jackals
  2 quokkas
  5 bats
  10 frilled lizards
  4 goblins
  7 kobolds
  8 rats
88 creatures vanquished.

Notes
Turn   | Place    | Note
-------+----------+-------------------------------------------
     0 | D:1      | vishdafish the Troll Transmuter began the quest for the
                  | Orb.
     0 | D:1      | Reached XP level 1. HP: 18/18 MP: 1/1
   427 | D:1      | Reached skill level 1 in Fighting
   455 | D:1      | Reached XP level 2. HP: 26/27 MP: 2/2
   685 | D:2      | Reached XP level 3. HP: 24/33 MP: 4/4
   782 | D:2      | Reached XP level 4. HP: 20/41 MP: 5/5
   970 | D:2      | You fall through a shaft!
   980 | D:3      | Reached skill level 4 in Unarmed Combat
   980 | D:3      | Reached XP level 5. HP: 40/48 MP: 6/6
  1200 | D:3      | Found a faded altar of an unknown god.
  1391 | D:3      | Noticed an ice beast
  1410 | D:3      | Killed an ice beast
  1482 | D:3      | Reached XP level 6. HP: 57/57 MP: 7/7
  2390 | D:4      | Reached skill level 5 in Unarmed Combat
  2781 | D:5      | Entered Level 5 of the Dungeon
  2781 | D:5      | Noticed Pikel
  2781 | D:5      | Noticed a slave
  2781 | D:5      | Noticed a slave
  2781 | D:5      | Noticed a slave
  2781 | D:5      | Noticed a slave
  2796 | D:4      | Slain by a slave

Skill      XL: |  1  2  3  4  5  6 |
---------------+-------------------+-----
Fighting       | 1 2 |  2.3
Dodging        | 2 |  2.9
Unarmed Combat | 4 5 |  5.1
Transmutations | 2 |  2.4
Spellcasting   | 2 |  2.1

Action                   |  1- 3 |  4- 6 || total
-------------------------+-------+-------++-------
Melee: Unarmed           |   112 |   211 ||   323
       Punch             |       |     3 ||     3
  Use: Scroll            |     4 |       ||     4
 Stab: Sleeping          |       |     3 ||     3
  Eat: Chunk             |     6 |    15 ||    21
       Ration            |       |     1 ||     1
Armor: Robe              |    62 |   100 ||   162
Dodge: Dodged            |    84 |   112 ||   196
